 Dungeon Crawl Stone Soup version 0.30.0-30-g96aa6591b8 (webtiles) character file.

Game seed: 2433691099846428649

310 Pepete the Slasher (level 6, -3/48 HPs)
             Began as a Human Fighter on June 29, 2023.
             Killed by divine providence
             ... invoked by an orc priest
              (10 damage)
             ... on level 4 of the Dungeon.
             The game lasted 00:06:42 (3235 turns).

Pepete the Slasher (Human Fighter)                  Turns: 3235, Time: 00:06:43

Health: -3/48      AC: 10    Str: 16 (18) XL:     6   Next: 69%
Magic:  6/6        EV:  7    Int:  6 (9)  God:
Gold:   172        SH:  4    Dex:  9 (12) Spells: 5/5 levels left

rFire   . . .        a - +1 long sword
rCold   . . .        c - +0 buckler
rNeg    . . .        s - +0 chain mail
rPois   .            (no helmet)
rElec   .            (no cloak)
rCorr   +            u - +0 pair of gloves
SInv    .            (no boots)
Will    .....        (no amulet) Stlth
                     m - ring of resist corrosion
HPRegen 0.28/turn    (no ring)
MPRegen 0.10/turn

%: no passive effects
@: no status effects
A: no striking features
a: no special abilities


You were on level 4 of the Dungeon.
You visited 1 branch of the dungeon, and saw 4 of its levels.

You collected 172 gold pieces.

Inventory:

Hand Weapons
 a - a +1 long sword (weapon)
Armour
 b - a +0 scale mail
 c - a +0 buckler (worn)
 s - a +0 chain mail (worn)
 u - a +0 pair of gloves (worn)
Jewellery
 m - a ring of resist corrosion (left hand)
Scrolls
 e - a scroll of enchant weapon
 j - 5 scrolls of identify
 k - 3 scrolls of noise
 o - a scroll of torment
Potions
 g - 2 potions of degeneration
 n - a potion of ambrosia
 r - a potion of magic


   Skills:
 * Level 4.1 Fighting
 * Level 4.3 Long Blades
 * Level 4.2 Armour
 + Level 0.5 Dodging
 * Level 3.7 Shields


You had 5 spell levels left.
You didn't know any spells.
Your spell library contained the following spells:

 Spells                   Type           Power      Damage    Failure   Level
 Slow                     Hex            0%         N/A       100%        1
 Summon Small Mammal      Summ           0%         N/A       100%        1
 Call Canine Familiar     Summ           0%         N/A       100%        3
 Confusing Touch          Hex            0%         N/A       100%        3
 Summon Guardian Golem    Hex/Summ       0%         N/A       100%        3
 Vampiric Draining        Necr           0%         2d6       100%        3


Dungeon Overview and Level Annotations

Branches:
Dungeon (4/15)
 Temple: D:4-7

Altars:
Cheibriados
Vehumet

Shops:
D:1 :   D:2 *


Message History

The orc priest casts a cantrip, but nothing happens.
You slash the orc priest!
The orc priest is severely wounded.
The orc priest hits you with a +0 morningstar.
The orc priest hits you with a +0 mace.
You barely miss the orc priest.
The orc priest is severely wounded.
The orc priest completely misses you. The orc priest barely misses you.
You slash the orc priest!
You kill the orc priest!
The orc priest mumbles some strange prayers to Beogh against you.
Pain shoots through your body!
* * * LOW HITPOINT WARNING * * *
The orc priest closely misses you.
There is an open door, spattered with blood here.
Things that are here:
a +0 morningstar; an orc corpse You hit the orc priest.
The orc priest is moderately wounded.
The orc priest hits you with a +0 mace.
* * * LOW HITPOINT WARNING * * *
The orc priest barely misses you.
You closely miss the orc priest.
The orc priest is moderately wounded.
The orc priest closely misses you.
You feel better. The orc priest hits you with a +0 mace.
* * * LOW HITPOINT WARNING * * *
You feel better. The orc priest hits you with a +0 mace.
* * * LOW HITPOINT WARNING * * *
You barely miss the orc priest.
The orc priest is moderately wounded.
The orc priest closely misses you.
You barely miss the orc priest.
The orc priest is moderately wounded.
You block the orc priest's attack.
You hit the orc priest but do no damage.
The orc priest is moderately wounded.
The orc priest calls down the wrath of Beogh upon you.
Beogh smites you!
You die... ## #o# #. o...... .#o#. ooo

#o# #.# #.####
#.)o.# #..
##########@### #..#
#......#.....# #...
#(####.#.....#
#..####.# #.'.._..+
........# ###.....#
#..#..########.....#
#..#.........###+###
.......[......#
.#.#..#######.#


You could see an orc priest (strong).

Vanquished Creatures
  Sigmund (D:2)
  An orc priest (D:4)
  An orc wizard (D:4)
  2 adders (D:2)
  2 dart slugs (D:3)
  8 orcs
  5 ball pythons
  7 bats
  6 endoplasms
  A giant cockroach (D:1)
  5 goblins
  10 hobgoblins
  4 kobolds
  2 quokkas (D:3)
  5 frilled lizards
  6 rats
66 creatures vanquished.

Notes
Turn   | Place    | Note
-------+----------+-------------------------------------------
     0 | D:1      | Pepete the Human Fighter began the quest for the Orb.
     0 | D:1      | Reached XP level 1. HP: 18/18 MP: 1/1
    51 | D:1      | Reached XP level 2. HP: 16/24 MP: 2/2
   533 | D:1      | Found Yzem's Book Shop.
   914 | D:1      | Reached XP level 3. HP: 23/29 MP: 3/3
  1225 | D:2      | Found a snail-covered altar of Cheibriados.
  1399 | D:2      | Found Joonor's Assorted Antiques.
  1691 | D:2      | Noticed Sigmund
  1703 | D:2      | Killed Sigmund
  1704 | D:2      | Reached XP level 4. HP: 28/37 MP: 4/4
  1704 | D:2      | Reached XP level 5. HP: 32/42 MP: 5/5
  1704 | D:2      | Reached XP level 6. HP: 37/48 MP: 6/6
  2109 | D:3      | Found a faded altar of an unknown god.
  3136 | D:4      | Identified the +3 robe "Ysoniton" {Int+2}
  3150 | D:4      | Found a radiant altar of Vehumet.
  3229 | D:4      | HP: 2/48 [orc priest/+0 mace (4)]
  3235 | D:4      | Killed from afar by an orc priest

Illustrated notes

Levels and vault maps discovered:
D:1:      minmay_arrival_hallway, layout_basic, serial_shops, shop
D:2:      layout_loops_ring, basic_altar, serial_shops,
          nicolae_shop_real_fake_doors, uniq_sigmund
D:3:      layout_basic, shapermc_ecumenical_altar_ellora, minmay_misc_feat_room,
          st_stairs_10, minmay_crystal_room
D:4:      layout_loops_ring, kennysheep_little_box, serial_shops,
          nicolae_shop_stone, minmay_cut_off, uniq_eustachio

Skill      XL: |  1  2  3  4  5  6 |
---------------+-------------------+-----
Fighting       | 4 |  4.1
Long Blades    | 3 4 |  4.3
Armour         | 4 |  4.2
Dodging        | |  0.5
Shields        | |  3.7

Action                     |  1- 3 |  4- 6 || total
---------------------------+-------+-------++-------
  Melee: Long sword        |   117 |   127 ||   244
    Use: Potion            |     1 |     8 ||     9
         Scroll            |       |     8 ||     8
 Armour: Scale mail        |    61 |       ||    61
         Chain mail        |    10 |    78 ||    88
  Dodge: Dodged            |    53 |    44 ||    97
  Block: Buckler           |    31 |    25 ||    56
